 Dungeon Crawl Stone Soup version 0.28.0-43-g3370ac3207 (webtiles) character file.

Game seed: 6789513956730697669

9019 Hrothgar the Chucker (level 11, -4/90 HPs)
             Began as a Troll Fighter on Mar 16, 2022.
             Was a High Priest of Hepliaklqana.
             Slain by issech's ghost (37 damage)
             ... on level 10 of the Dungeon on Mar 17, 2022.
             The game lasted 01:07:10 (8078 turns).

Hrothgar the Chucker (Troll Fighter)                Turns: 8078, Time: 01:07:11

Health: -4/90      AC: 12    Str: 26    XL:     11   Next: 17%
Magic:  22/22      EV: 11    Int:  4    God:    Hepliaklqana [*****.]
Gold:   120        SH:  5    Dex: 13    Spells: 10/10 levels left

rFire   + . .      SeeInvis .   G - +1 demon whip of Saah {flame, rF+ MP+9}
rCold   + . .      Faith    .   (no shield)
rNeg    . . .      Spirit   .   o - +1 steam dragon scales
rPois   .          Reflect  +   (helmet restricted)
rElec   .          Harm     .   (no cloak)
rCorr   .          Rampage  .   (gloves unavailable)
Will    .....                   (boots unavailable)
Stlth   ++........              y - amulet of reflection
HPRegen 1.05/turn               e - +4 ring of protection
MPRegen 0.18/turn               z - ring of protection from cold

@: about to teleport, on berserk cooldown, slowed, very slow
A: reduced essence, large, unfitting armour, claws 3, regeneration 1, shaggy fur
1, tough skin 1
a: Renounce Religion, Recall Ancestor, Ancestor Identity, Transference, Idealise


You were on level 10 of the Dungeon.
You worshipped Hepliaklqana.
Hepliaklqana was extremely pleased with you.
You visited 1 branch of the dungeon, and saw 10 of its levels.
You also visited: Ossuary and Bailey.

You collected 524 gold pieces.
You spent 404 gold pieces at shops.

Inventory:

Hand Weapons
 c - a +1 hunting sling of electrocution
 w - a +1 giant spiked club
 B - a +1 giant club
 G - the +1 demon whip of Saah (weapon) {flame, rF+ MP+9}
   (You acquired it in a bailey)

   It burns those it strikes, dealing additional fire damage.
   rF:        It protects you from fire.
   MP:        It affects your magic capacity (+9).
Missiles
 a - 11 boomerangs (quivered)
 d - 76 sling bullets
 p - 52 bolts
 F - 4 javelins
Armour
 b - a +1 kite shield
 f - +0 acid dragon scales
 o - +1 steam dragon scales (worn)
Jewellery
 e - a +4 ring of protection (left claw)
 g - an amulet of the acrobat
 y - an amulet of reflection (around neck)
 z - a ring of protection from cold (right claw)
 K - a ring of willpower
Scrolls
 j - 3 scrolls of noise
 q - 4 scrolls of teleportation
 x - a scroll of holy word {unknown}
 C - a scroll of torment {unknown}
 E - 2 scrolls of magic mapping
 H - a scroll of blinking {unknown}
 J - a scroll of amnesia {unknown}
Potions
 h - 3 potions of magic {unknown}
 i - 6 potions of curing
 k - 3 potions of degeneration
 l - 3 potions of haste {unknown}
 m - 2 potions of resistance {unknown}
 n - 6 potions of flight
 r - 3 potions of cancellation {unknown}
 s - 2 potions of brilliance {unknown}
 u - a potion of invisibility {unknown}
 v - a potion of attraction {unknown}
 I - a potion of mutation {unknown}
Miscellaneous
 A - a condenser vane


   Skills:
 * Level 4.9 Fighting
 * Level 5.3 Maces & Flails
 * Level 4.9(5.6) Slings
 * Level 5.7(7.1) Throwing
 * Level 3.8 Armour
 * Level 4.9 Dodging
 * Level 2.7 Stealth
 * Level 4.6 Shields
 * Level 5.5 Unarmed Combat
 * Level 4.2 Invocations
 * Level 1.2 Evocations


You had 10 spell levels left.
You didn't know any spells.
Your spell library contained the following spells:

 Spells                   Type           Power      Damage    Failure   Level
 Sublimation of Blood     Necr           0%         N/A       65%         2
 Wereblood                Tmut           0%         N/A       65%         2
 Summon Hydra             Summ           0%         N/A       100%        7


Dungeon Overview and Level Annotations

Branches:
Dungeon (10/15)            Temple (0/1) D:5             Orc (0/2) D:10
Ossuary (visited)          Bailey (visited)
   Lair: D:8-11

Altars:
Fedhas
Hepliaklqana
Nemelex Xobeh
Okawaru
Qazlal
Uskayaw
Vehumet
The Shining One

Shops:
D:2 *   D:5 !   D:9 !

Annotations:
D:10 issech's ghost, novice TrMo


Innate Abilities, Weirdness & Mutations

Your life essence is reduced to manifest your ancestor. (-10% HP)
You are too large for most types of armour.
You have claws for hands.
Your natural rate of healing is unusually fast.
You are covered in fur. (AC +1)
You have tough skin. (AC +1)


Message History

Erika hits the white imp with a +0 dagger of draining!
The white imp dies!
Issech's ghost (novice Troll Monk) comes into view.
You whack issech's ghost! You burn issech's ghost.
Issech's ghost is lightly damaged.
Erika hits issech's ghost with a +0 dagger of draining.
Issech's ghost hits you.
You hit issech's ghost. You burn issech's ghost.
Issech's ghost is lightly damaged.
Erika hits issech's ghost but does no damage.
Issech's ghost hits you.
Erika hits issech's ghost with a +0 dagger of draining.
Erika hits issech's ghost but does no damage.
Issech's ghost hits you!!
You feel much better.
Erika hits issech's ghost with a +0 dagger of draining!
You block issech's ghost's attack.
Erika hits issech's ghost with a +0 dagger of draining.
You hit issech's ghost. You burn issech's ghost.
Issech's ghost is moderately damaged.
Issech's ghost hits you!!
Erika hits issech's ghost with a +0 dagger of draining.
Erika misses issech's ghost.
Issech's ghost completely misses you.
Erika casts a spell at issech's ghost.
Issech's ghost seems to slow down.
Issech's ghost hits you!
Erika misses issech's ghost.
The white imp shouts, "Away with thee, thou mangled rump-fed puttock!"
Erika barely misses issech's ghost.
Issech's ghost misses you.
Erika hits issech's ghost but does no damage.
As you read the scroll of teleportation, it crumbles to dust.
You feel strangely unstable. The white imp gestures at you.
The puff of frost misses you. Issech's ghost hits you!!
* * * LOW HITPOINT WARNING * * *
Erika misses issech's ghost.
You feel much better. The white imp gestures at you.
The puff of frost hits you but does no damage.
Erika completely misses issech's ghost.
Issech's ghost hits you!!!
You die...

#.#.#..#....##.....#..
#.#..#....# ....##..8 #
#..'...## (..#. #..'...#
..#.....8 #. ##.'...#
#.##....# #. #.#...## #..#..<.
##. #.#....## ##..#.#.# ..
#.##...5###...#.#.# #. #
#..###..@WR..##...######.
....###...###...###...........
............#####.............
.<...######........###########
##.. #####....# # ...
#.......# # .. .....##...## #
. #### ##.## # #.# #


You could see the friendly Erika the hexer, issech's ghost (slow, ally target)
and a white imp.

Vanquished Creatures
  An orc warlord (Bailey)
  2 two-headed ogres
  An orc knight (Bailey)
  Maggie (D:7)
  A hornet (D:9)
  A centaur simulacrum (D:10)
  A wyvern (D:9)
  3 steam dragons
  An acid dragon (D:9)
  3 orc warriors
  4 ice beasts
  A black bear (D:6)
  2 sky beasts
  2 ogres (D:5)
  A necrophage (D:6)
  3 centaurs
  A phantom (D:5)
  2 bullfrogs
  A gnoll sergeant (D:8)
  3 scorpions
  A wyvern skeleton (D:7)
  A wyvern zombie (D:5)
  4 killer bees (D:9)
  3 wights (D:10)
  6 howler monkeys
  An electric eel (D:7)
  2 centaur zombies
  A hound (D:6)
  A gnoll shaman (D:10)
  2 jellies
  5 orc priests
  2 iguanas
  A scorpion zombie (D:5)
  4 orc wizards
  2 mummies (Ossuary)
  Robin (D:2)
  3 adders
  14 gnolls
  2 shadow imps
  5 white imps
  An ufetubus (D:6)
  An adder skeleton (D:4)
  3 worms (D:2)
  2 dart slugs
  19 orcs
  5 endoplasms
  5 giant cockroaches
  5 goblins
  10 hobgoblins
  7 quokkas
  3 ball pythons
  6 bats
  3 frilled lizards
  2 gnoll zombies (Ossuary)
  A goblin zombie (Ossuary)
  A hobgoblin zombie (Ossuary)
  18 kobolds
  2 kobold zombies (Ossuary)
  2 rats
192 creatures vanquished.

Vanquished Creatures (collateral kills)
  A two-headed ogre (D:8)
  A centaur simulacrum (D:10)
  Duvessa (D:7)
  An ice beast (D:10)
  A kobold brigand (D:9)
  2 bullfrogs
  A wyvern zombie (D:7)
  Dowan (D:7)
  A wight (D:10)
  6 killer bees
  A howler monkey (D:8)
  A hound (D:6)
  An orc priest (D:5)
  3 orc wizards
  2 howler monkey zombies
  A mummy (Ossuary)
  3 gnolls
  2 adders
  A white imp (D:10)
  An ufetubus (D:7)
  6 orcs
  A bat (D:2)
  An endoplasm (D:1)
  4 goblins (D:2)
  A hobgoblin (D:3)
  A quokka (D:3)
  2 frilled lizards
  A goblin zombie (Ossuary)
  6 kobolds
  A rat (D:1)
56 creatures vanquished.

Vanquished Creatures (others)
  A kobold (D:9)
  An ancestor (D:2)
  8 hexers
  A plant (D:9)
11 creatures vanquished.

Grand Total: 259 creatures vanquished

Notes
Turn   | Place    | Note
-------+----------+-------------------------------------------
     0 | D:1      | Hrothgar the Troll Fighter began the quest for the Orb.
     0 | D:1      | Reached XP level 1. HP: 22/22 MP: 0/0
   141 | D:1      | Found a faded altar of an unknown god.
   149 | D:1      | Prayed at the altar of an unknown god.
   149 | D:1      | Became a worshipper of Hepliaklqana the Forgotten
   149 | D:1      | Reached * piety under Hepliaklqana
   242 | D:1      | Reached XP level 2. HP: 19/26 MP: 1/1
  1015 | D:2      | Reached ** piety under Hepliaklqana
  1030 | D:2      | Found Fiomesir's Assorted Antiques.
  1034 | D:2      | Remembered your ancestor Erika as a hexer
  1048 | D:2      | Reached XP level 3. HP: 32/32 MP: 2/2
  1083 | D:2      | Bought a scroll of identify for 34 gold pieces
  1102 | D:2      | Noticed Robin
  1118 | D:2      | Killed Robin
  1251 | D:2      | Reached XP level 4. HP: 39/39 MP: 3/3
  1519 | D:2      | Bought a scroll labelled ZOSSAXU HENEKK for 17 gold pieces
  1519 | D:2      | Bought a scroll labelled JIME CAHEITUTH for 17 gold pieces
  1949 | D:4      | Reached skill level 1 in Slings
  1949 | D:4      | Reached skill level 1 in Throwing
  1965 | D:4      | Reached XP level 5. HP: 46/46 MP: 4/4
  2084 | D:4      | Noticed a sky beast
  2088 | D:4      | Killed a sky beast
  2089 | D:4      | Reached skill level 1 in Invocations
  2202 | D:4      | Found a sand-covered staircase.
  2211 | Ossuary  | Entered an ossuary
  2236 | Ossuary  | Reached skill level 1 in Armour
  2295 | Ossuary  | Reached XP level 6. HP: 53/53 MP: 5/5
  2981 | D:5      | Entered Level 5 of the Dungeon
  3016 | D:5      | Found an iron altar of Okawaru.
  3053 | D:5      | Reached XP level 7. HP: 60/60 MP: 7/7
  3238 | D:5      | Reached skill level 1 in Stealth
  3244 | D:5      | Noticed a steam dragon
  3250 | D:5      | Killed a steam dragon
  3381 | D:5      | Found Eguricy's Distillery.
  3389 | D:5      | Bought a potion of heal wounds for 50 gold pieces
  3389 | D:5      | Bought a potion of lignification for 30 gold pieces
  3699 | D:5      | Reached XP level 8. HP: 60/67 MP: 8/8
  3934 | D:5      | Found a staircase to the Ecumenical Temple.
  4321 | D:6      | Reached *** piety under Hepliaklqana
  4476 | D:6      | Reached skill level 1 in Maces & Flails
  4958 | D:7      | Noticed Dowan
  4959 | D:7      | Noticed Duvessa
  4964 | D:7      | Killed Duvessa
  4967 | D:7      | Killed Dowan
  5002 | D:7      | Reached XP level 9. HP: 33/75 MP: 10/10
  5016 | D:7      | Noticed Maggie
  5031 | D:7      | Killed Maggie
  5179 | D:7      | Found a sparkling altar of Nemelex Xobeh.
  5256 | D:7      | You fall into a shaft and drop 1 floor!
  5270 | D:8      | Noticed a two-headed ogre
  5282 | D:8      | Found a radiant altar of Vehumet.
  5386 | D:8      | Killed a two-headed ogre
  5459 | D:8      | Found a flagged portal.
  5468 | Bailey   | Entered a bailey
  5479 | Bailey   | Noticed an orc warlord
  5564 | Bailey   | Found a runed translucent gate.
  5564 | Bailey   | Found a runed translucent gate.
  5564 | Bailey   | Found a runed translucent gate.
  5711 | Bailey   | Noticed an orc knight
  5718 | Bailey   | Killed an orc knight
  5719 | Bailey   | Reached XP level 10. HP: 25/84 MP: 11/11
  5777 | Bailey   | Killed an orc warlord
  5778 | Bailey   | Reached skill level 5 in Unarmed Combat
  5836 | Bailey   | Acquired the +1 demon whip of Saah {flame, rF+ MP+9}
  6467 | D:8      | Reached **** piety under Hepliaklqana
  6479 | D:8      | Found a hide-covered altar of Uskayaw.
  6487 | D:8      | Found a hazy altar of Hepliaklqana.
  6681 | D:8      | Found a glowing golden altar of the Shining One.
  6889 | D:9      | Noticed a two-headed ogre
  6904 | D:9      | Killed a two-headed ogre
  6905 | D:9      | Reached skill level 5 in Maces & Flails
  7037 | D:9      | Reached skill level 5 in Throwing
  7095 | D:9      | Found a stormy altar of Qazlal.
  7103 | D:9      | Found a blossoming altar of Fedhas.
  7322 | D:9      | Found Tegup's Distillery.
  7347 | D:9      | Reached skill level 1 in Evocations
  7368 | D:9      | Bought a potion of heal wounds for 80 gold pieces
  7368 | D:9      | Bought a potion of curing for 48 gold pieces
  7368 | D:9      | Bought a potion of berserk rage for 80 gold pieces
  7368 | D:9      | Bought a potion of curing for 48 gold pieces
  7622 | D:10     | Entered Level 10 of the Dungeon
  7649 | D:10     | Found a runed translucent gate.
  7756 | D:10     | Found a staircase to the Orcish Mines.
  7781 | D:10     | Noticed a two-headed ogre
  7787 | D:10     | Killed a two-headed ogre
  7788 | D:10     | Reached XP level 11. HP: 88/90 MP: 13/13
  7849 | D:10     | Reached ***** piety under Hepliaklqana
  7986 | D:10     | Found a runed translucent gate.
  7986 | D:10     | Found a runed translucent gate.
  8066 | D:10     | Noticed issech's ghost (novice TrMo)
  8078 | D:10     | Slain by issech's ghost

Illustrated notes

Levels and vault maps discovered:
D:1:      scummos_arrival_star, layout_basic,
          hellmonk_ecumenical_altar_crossroads
D:2:      layout_rooms, serial_shops, shop, kennysheep_generic_room_12,
          uniq_robin
D:3:      layout_rooms
D:4:      layout_loops_cross, enter_ossuary_1
D:5:      layout_basic, mainiacjoe_overflow_six_doors_small,
          minmay_temple_entry_sparse_star, serial_shops, shop
D:6:      layout_loops_ring, kennysheep_doodads
D:7:      layout_loops_ring, overflow_temple_1_default, minivault_4,
          uniq_duvessa, uniq_maggie, uniq_crazy_yiuf_cottage
D:8:      layout_basic, grunt_temple_overflow_cloverleaf, enter_bailey_8,
          minmay_misc_feat_enclosed, minmay_checkerbox
D:9:      layout_long_grid, grunt_temple_overflow_forces_of_nature,
          serial_shops, shop
D:10:     layout_loops_ring, orc_0_dummy, gammafunk_ghost_icy, enter_trove_2

Skill      XL: |  1  2  3  4  5  6  7  8  9 10 |
---------------+-------------------------------+-----
Slings         | 1 2 3 4 |  4.9
Throwing       | 1 2 3 4 5 |  5.7
Dodging        | 3 4 |  4.9
Invocations    | 1 2 3 4 |  4.2
Armour         | 1 2 3 |  3.8
Fighting       | 3 4 |  4.9
Shields        | 3 4 |  4.6
Unarmed Combat | 3 4 5 |  5.5
Stealth        | 1 2 |  2.7
Maces & Flails | 2 4 5 |  5.3
Evocations     | 1 |  1.2

Action                   |  1- 3 |  4- 6 |  7- 9 | 10-12 || total
-------------------------+-------+-------+-------+-------++-------
Melee: Unarmed           |    71 |    54 |    32 |       ||   157
       Giant club        |       |       |    96 |       ||    96
       Giant spiked club |       |       |     4 |    14 ||    18
       Hunting sling     |       |       |     3 |       ||     3
       Demon whip        |       |       |       |   121 ||   121
       Punch             |       |       |       |     6 ||     6
 Fire: Hunting sling     |    20 |    90 |    88 |       ||   198
Throw: Dart              |    10 |     2 |     1 |       ||    13
       Boomerang         |       |       |    28 |   106 ||   134
       Javelin           |       |       |    29 |     4 ||    33
Invok: Ancestor Identity |     1 |       |       |       ||     1
       Ancestor Life: He |     1 |       |       |       ||     1
       Recall Ancestor   |     1 |     1 |     1 |     2 ||     5
Evoke: Condenser vane    |       |       |     1 |       ||     1
       Wand              |       |       |       |     5 ||     5
  Use: Scroll            |     5 |     8 |     8 |     5 ||    26
       Potion            |     1 |     1 |     4 |     8 ||    14
 Stab: Distracted        |       |       |     1 |     2 ||     3
       Confused          |       |       |     2 |     1 ||     3
       Sleeping          |       |       |     1 |       ||     1
Armor: Robe              |    30 |    16 |     2 |       ||    48
       Steam dragon scal |       |       |    46 |    56 ||   102
       Skin              |       |       |     2 |    12 ||    14
Dodge: Dodged            |    36 |    18 |    74 |    89 ||   217
Block: Kite shield       |    28 |    18 |    12 |       ||    58
       Other             |       |       |    34 |    42 ||    76
       Reflection        |       |       |     7 |     2 ||     9
